 Dungeon Crawl Stone Soup version 0.29-a0-362-g5854e031c7 (webtiles) character file.

Game seed: 10220398051437254489

535 Shayle the Sneak (level 7, -16/42 HPs)
             Began as a Tengu Brigand on Apr 29, 2022.
             Was an Initiate of Ashenzari.
             Demolished by an ogre
             ... wielding a +0 giant club
              (25 damage)
             ... on level 5 of the Dungeon.
             The game lasted 00:12:04 (4756 turns).

Shayle the Sneak (Tengu Brigand)                    Turns: 4756, Time: 00:12:05

Health: -16/42     AC: 10    Str: 11    XL:     7   Next: 25%
Magic:  21/21      EV: 14    Int: 19    God:    Ashenzari [......]
Gold:   211        SH:  0    Dex: 16    Spells: 9/12 levels left

rFire   . . .      SeeInvis .   a - +2 dagger
rCold   . . .      Faith    .   (no shield)
rNeg    . . .      Spirit   .   k - +0 ring mail
rPois   .          Reflect  .   y - +0 hat
rElec   .          Harm     .   c - +2 cloak
rCorr   .          Rampage  .   f - +1 pair of gloves
Will    .....                   (boots unavailable)
Stlth   ++........              t - amulet of the acrobat
HPRegen 0.14/turn               i - +6 ring of intelligence
MPRegen 0.17/turn               q - ring of magical power

@: flying quickly and evasively, quick
A: beak, talons 3, nimble flight
a: Renounce Religion, Curse Item


You were on level 5 of the Dungeon.
You worshipped Ashenzari.
Ashenzari was noncommittal.
You visited 2 branches of the dungeon, and saw 6 of its levels.

You collected 255 gold pieces.
You spent 44 gold pieces at shops.

Inventory:

Hand Weapons
 a - a +2 dagger (weapon)
 C - a +2 whip of electrocution
Missiles
 d - 11 poisoned darts
 e - 2 curare-tipped darts (quivered)
Armour
 b - a +0 robe
 c - a +2 cloak (worn)
 f - a +1 pair of gloves (worn)
 k - a +0 ring mail (worn)
 y - a +0 hat (worn)
Jewellery
 i - a +6 ring of intelligence (left hand)
 q - a ring of magical power (right hand)
 t - an amulet of the acrobat (around neck)
 B - a ring of willpower
Wands
 A - a wand of iceblast (6)
Scrolls
 g - 3 scrolls of teleportation
 m - a scroll of noise {unknown}
 n - a scroll of identify
 p - a scroll of enchant weapon {unknown}
 v - a scroll of holy word {unknown}
 w - a scroll of silence {unknown}
 x - a scroll of immolation {unknown}
Potions
 h - 2 potions of curing
 j - a potion of flight
 l - 2 potions of mutation
 o - a potion of lignification {unknown}
 r - 3 potions of haste
 s - a potion of resistance {unknown}
 u - 2 potions of might
 z - 3 potions of heal wounds {unknown}
 D - a potion of invisibility {unknown}
 E - a potion of brilliance {unknown}


   Skills:
 + Level 3.9 Fighting
 - Level 2.1 Short Blades
 - Level 2.0 Throwing
 + Level 3.9 Dodging
 + Level 5.5 Stealth
 + Level 3.0 Spellcasting
 + Level 1.7 Ice Magic


You had 9 spell levels left.
You knew the following spells:

 Your Spells              Type           Power      Damage    Failure   Level
a - Ozocubu's Armour      Ice            9%         N/A       50%         3

Your spell library contained the following spells:

 Spells                   Type           Power      Damage    Failure   Level
 Summon Small Mammal      Summ           8%         N/A       36%         1
 Sublimation of Blood     Necr           2%         N/A       50%         2
 Call Canine Familiar     Summ           2%         N/A       73%         3
 Summon Guardian Golem    Hex/Summ       2%         N/A       73%         3
 Petrify                  Tmut/Erth      2%         N/A       98%         4
 Irradiate                Conj/Tmut      1%         3d13      100%        5
 Ozocubu's Refrigeration  Ice            4%         4d5       100%        7


Dungeon Overview and Level Annotations

Branches:
Dungeon (5/15)             Temple (1/1) D:4

Altars:
Ashenzari
Hepliaklqana
Makhleb
Okawaru
Ru
Sif Muna
Wu Jian
Xom
Yredelemnul
Zin

Shops:
D:1 ***   D:5 (

Annotations:
D:5 1 runed translucent door, HendSelp's ghost, novice OgBe


Innate Abilities, Weirdness & Mutations

You have a beak for a mouth.
You have claws for feet.
Your magical nature lets you fly swiftly and evasively.


Message History

There is a stone staircase leading down here.
You see here a +0 club.
Found a stone staircase leading down.
There is a stone staircase leading down here.
Found a stone staircase leading down.
There is a stone staircase leading down here.
There is a stone staircase leading down here.
There is a stone staircase leading down here.
A worm comes into view.
An ogre comes into view. It is wielding a +0 giant club.
You hit the worm. You peck the worm.
The worm is moderately wounded.
You hit the worm. Your kick misses the worm.
The worm is heavily wounded.
The worm bites you.
You hit the worm. You claw the worm.
The worm is severely wounded.
The worm bites you.
You hit the worm. You claw the worm.
You kill the worm!
Your Spellcasting skill increases to level 3!
The ogre shouts!
You see here a worm corpse.
The ogre completely misses you.
You hit the ogre.
The ogre is lightly wounded.
You barely miss the ogre. Your kick misses the ogre.
The ogre is lightly wounded.
The ogre hits you with a +0 giant club.
You barely miss the ogre. You claw the ogre. You peck the ogre.
The ogre is moderately wounded.
The ogre hits you with a +0 giant club!!
* * * LOW HITPOINT WARNING * * *
You hit the ogre but do no damage.
The ogre is moderately wounded.
You hit the ogre. You peck the ogre.
The ogre is moderately wounded.
The ogre hits you with a +0 giant club!!
Ouch! That really hurt!
You die...

########.#
.........#########
####.............# #
#.###########.# # #.#
#.# # #.# #.# ####.#
####.#####.# .....#
#...†......# .....#
#...@...####
###.#########...O...#
....................#
###^#########.......#
#.# #.......# #.#####
........# #.....#
.####.##.# #####.# #.
#.# .# #.#


You could see an ogre.

Vanquished Creatures
  2 scorpions
  A centaur zombie (D:3)
  A gnoll shaman (D:5)
  2 orc priests
  2 iguanas (D:5)
  An orc wizard (D:4)
  A hound skeleton (D:3)
  4 gnolls (D:5)
  4 adders
  An ufetubus (D:4)
  A worm (D:5)
  3 dart slugs
  18 orcs
  4 bats (D:1)
  10 endoplasms
  3 giant cockroaches
  9 goblins
  7 hobgoblins
  11 jackals
  2 quokkas (D:1)
  5 ball pythons
  2 ball python skeletons (D:3)
  6 frilled lizards
  8 kobolds
  7 rats
115 creatures vanquished.

Vanquished Creatures (others)
  3 withered plants
3 creatures vanquished.

Grand Total: 118 creatures vanquished

Notes
Turn   | Place    | Note
-------+----------+-------------------------------------------
     0 | D:1      | Shayle the Tengu Brigand began the quest for the Orb.
     0 | D:1      | Reached XP level 1. HP: 12/12 MP: 2/2
   330 | D:1      | Found Xuadilof's General Store.
   359 | D:1      | Reached XP level 2. HP: 14/17 MP: 3/3
   441 | D:1      | Found Edi Vuus's General Store.
   549 | D:1      | Reached XP level 3. HP: 10/22 MP: 5/5
   748 | D:1      | Found Cyir's Assorted Antiques.
   756 | D:1      | Bought a scroll labelled JUVEMES UDIWN for 22 gold pieces
   756 | D:1      | Bought a scroll labelled URUCAA KAUFOGA for 22 gold pieces
   765 | D:1      | Reached skill level 1 in Spellcasting
  1694 | D:2      | Reached XP level 4. HP: 13/27 MP: 7/7
  2493 | D:3      | Gained mutation: Your magical nature lets you fly swiftly
                  | and evasively. [Tengu growth]
  2493 | D:3      | Reached XP level 5. HP: 31/32 MP: 8/8
  2993 | D:3      | Reached skill level 5 in Stealth
  3156 | D:3      | Learned a level 3 spell: Ozocubu's Armour
  3512 | D:4      | Reached XP level 6. HP: 37/37 MP: 10/10
  3549 | D:4      | Reached skill level 1 in Ice Magic
  3589 | D:4      | Found a staircase to the Ecumenical Temple.
  3618 | Temple   | Entered the Ecumenical Temple
  3733 | Temple   | Became a worshipper of Ashenzari the Shackled
  3858 | D:4      | Found a shimmering blue altar of Sif Muna.
  3947 | D:4      | Found an opulent altar of Gozag.
  3949 | D:4      | Found a shimmering altar of Xom.
  3949 | D:4      | Found a shimmering altar of Xom.
  3954 | D:4      | Found a hazy altar of Hepliaklqana.
  3954 | D:4      | Found a basalt altar of Yredelemnul.
  3954 | D:4      | Found a sacrificial altar of Ru.
  4033 | D:5      | Entered Level 5 of the Dungeon
  4156 | D:5      | Reached XP level 7. HP: 42/42 MP: 12/12
  4212 | D:5      | Found a runed translucent door.
  4216 | D:5      | Noticed HendSelp's ghost (novice OgBe)
  4268 | D:5      | Found Adukio's Weapon Emporium.
  4756 | D:5      | Demolished by an ogre

Illustrated notes

Levels and vault maps discovered:
D:1:      scummos_arrival_gate, layout_loops_ring, serial_shops,
          nicolae_shop_trees, shop, nicolae_shop_stone, minmay_octomino_e4
D:2:      layout_rooms
D:3:      layout_loops_ring, serial_undead, serial_undead_d, serial_undead_d,
          serial_undead_a, serial_undead_f
D:4:      layout_rooms, lemuel_blue_sif_altar, doesnt_xom_only_xom,
          minmay_temple_entry_drinking_statues, minmay_misc_feat_ornament
D:5:      layout_loops_ring, gammafunk_ghost_grave, serial_shops, shop
Temple:   eino_wide_crystal_templ

Skill      XL: |  1  2  3  4  5  6  7 |
---------------+----------------------+-----
Spellcasting   | 1 2 3 |  3.0
Dodging        | 2 3 |  3.9
Fighting       | 3 |  3.9
Stealth        | 5 |  5.5
Ice Magic      | 1 |  1.7
Short Blades   | |  2.1
Throwing       | |  2.0

Action                   |  1- 3 |  4- 6 |  7- 9 || total
-------------------------+-------+-------+-------++-------
Melee: Dagger            |   130 |   148 |    38 ||   316
       Peck              |    11 |    26 |     7 ||    44
       Kick              |    31 |    33 |    11 ||    75
       Punch             |       |       |     1 ||     1
Throw: Dart              |       |     8 |       ||     8
Evoke: Wand              |       |       |     4 ||     4
  Use: Scroll            |       |     6 |     1 ||     7
       Potion            |       |     1 |       ||     1
 Stab: Sleeping          |     6 |     6 |       ||    12
       Distracted        |     1 |     2 |       ||     3
Armor: Robe              |    17 |       |       ||    17
       Ring mail         |    40 |    44 |     8 ||    92
Dodge: Dodged            |    69 |    96 |    22 ||   187

Table legend: (Time is in decaauts)
 A = Elapsed time spent in this place.
 B = Non-inter-level travel time spent in this place.
 C = Inter-level travel time spent in this place.
 D = Time resting spent in this place.
 E = Time spent auto-exploring this place.
 F = Levels seen in this place.
 G = Mean time per level.
                   A        B        C        D        E       F      G
               +--------+--------+--------+--------+--------+-----+--------+
         Total |   4566 |   4395 |    171 |    878 |   2365 |   6 |  761.0 |
       Dungeon |   4442 |   4280 |    162 |    878 |   2259 |   5 |  888.4 |
        Temple |    124 |    115 |      9 |      0 |    105 |   1 |  124.0 |
               +--------+--------+--------+--------+--------+-----+--------+

Top non-repeatable levels by time:
     D:1: 1334 daAuts
     D:2: 1141 daAuts
     D:3: 675 daAuts
     D:5: 671 daAuts
     D:4: 619 daAuts
  Temple: 124 daAuts
